 Dungeon Crawl Stone Soup version 0.26.1-10-gdfb7c7de75 (webtiles) character file.

Game seed: 12648117692241390342

233 phalm the Purveyor of Pain (level 5, -4/28 HPs)
             Began as a Deep Elf Necromancer on Apr 3, 2021.
             Was an Initiate of Kikubaaqudgha.
             Killed from afar by an orc wizard (7 damage)
             ... with a magic dart
             ... on level 4 of the Dungeon.
             The game lasted 00:09:50 (4137 turns).

phalm the Purveyor of Pain (Deep Elf Necromancer)   Turns: 4137, Time: 00:09:50

Health: -4/28      AC:  3    Str:  5    XL:     5   Next: 75%
Magic:  1/11       EV: 12    Int: 21    God:    Kikubaaqudgha [......]
Gold:   153        SH:  3    Dex: 15    Spells: 5/10 levels left

rFire    . . .     SeeInvis .   h - +2 dagger (elec)
rCold    . . .     Faith    .   b - +0 buckler
rNeg     . . .     Spirit   .   e - +0 robe (curse)
rPois    .         Reflect  .   (no helmet)
rElec    .         Harm     .   (no cloak)
rCorr    .         Rampage  .   (no gloves)
Will     .....                  f - +0 pair of boots
Stlth    ++........             (no amulet)
HPRegen  0.09/turn              (no ring)
MPRegen  0.12/turn              (no ring)

@: no status effects
A: no striking features
a: Renounce Religion


You were on level 4 of the Dungeon.
You worshipped Kikubaaqudgha.
Kikubaaqudgha was noncommittal.
You visited 2 branches of the dungeon, and saw 5 of its levels.

You collected 153 gold pieces.

Inventory:

Hand Weapons
 h - a +2 dagger of electrocution (weapon)
 i - a +2 dagger of speed
Armour
 b - a +0 buckler (worn)
 e - a cursed +0 robe (worn)
 f - a +0 pair of boots (worn)
 k - a +0 kite shield
Wands
 a - a wand of random effects (8)
 j - a wand of flame (12)
Scrolls
 c - 2 scrolls of remove curse
 d - a scroll of fog
Potions
 g - a potion of resistance


   Skills:
 - Level 2.4 Dodging
 - Level 2.4 Stealth
 - Level 3.0 Spellcasting
 * Level 8.5 Necromancy


You had 5 spell levels left.
You knew the following spells:

 Your Spells              Type           Power        Failure   Level
a - Pain                  Necr           100%         1%          1
b - Animate Skeleton      Necr           78%          1%          1
c - Vampiric Draining     Necr           19%          1%          3

Your spell library contained the following spells:

 Spells                   Type           Power        Failure   Level
 Animate Dead             Necr           19%          7%          4
 Agony                    Necr           39%          19%         5


Dungeon Overview and Level Annotations

Branches:
Dungeon (4/15)             Temple (1/1) D:4

Altars:
Ashenzari
Cheibriados
Dithmenos
Fedhas
Gozag
Hepliaklqana
Kikubaaqudgha
Makhleb
Nemelex Xobeh
Qazlal
Sif Muna
Uskayaw
Vehumet
Wu Jian
Xom
Yredelemnul
The Shining One


Message History

Confirm with . or Enter, or press ? or * to list all spells.
Aiming: Vampiric Draining (safe; 1% risk of failure)
Press: ? - help, Shift-Dir - straight line, f/p - orc
Aim: an orc, wielding a +0 falchion and wearing a +0 scale mail (almost dead)
You kill the orc!
Kikubaaqudgha accepts your kill.
Your leopard gecko skeleton bites the orc wizard but does no damage.
You closely miss the orc wizard.
The orc wizard is lightly wounded.
The orc wizard casts a spell at you. The magic dart hits you.
* * * LOW HITPOINT WARNING * * *
The orc wizard gestures at you while chanting.
The magic dart hits you.
* * * LOW HITPOINT WARNING * * *
Your leopard gecko skeleton bites the orc wizard but does no damage.
The orc wizard gestures at you while chanting.
The magic dart hits you!
You die...
Kikubaaqudgha rasps: "You have failed me!
Welcome... death!"

#.#.......# #.# #.#
....#..#..#####.####.#
#.#..................#
..!$...$...........###
####.......#...##.#
......))Z#†###..##)####
.#.###.##o.###..##....#
..##...##...#####.#
...##..@.##.#.# #.#
.... ##.>..#...### #.#
... #.....#....# #.#
>.. #...##.(.##.# #.#
....####..##.# #.#
)..#..## #....# #.#
#.####.... ....# #.# #.
#....#.#.# #.# #
#...#.###.#


You could see an orc wizard (fast) and a friendly leopard gecko skeleton.

Vanquished Creatures
  An ogre (D:4)
  A centaur skeleton (D:4)
  A worker ant (D:4)
  A hound skeleton (D:4)
  3 adders
  2 dart slugs
  2 leopard geckos
  4 orcs (D:4)
  A giant cockroach (D:3)
  4 goblins
  4 hobgoblins
  5 jackals (D:1)
  A quokka (D:2)
  A ball python zombie (D:1)
  4 bats
  5 frilled lizards
  A giant cockroach zombie (D:1)
  4 kobolds
  3 rats
48 creatures vanquished.

Vanquished Creatures (collateral kills)
  A jackal (D:1)
  A frilled lizard (D:2)
2 creatures vanquished.

Grand Total: 50 creatures vanquished

Notes
Turn   | Place    | Note
-------+----------+-------------------------------------------
     0 | D:1      | phalm the Deep Elf Necromancer began the quest for the Orb.
     0 | D:1      | Reached XP level 1. HP: 10/10 MP: 6/6
     2 | D:1      | Learned a level 1 spell: Animate Skeleton
   227 | D:1      | Reached skill level 5 in Necromancy
   589 | D:1      | Reached XP level 2. HP: 11/15 MP: 2/8
  1445 | D:1      | You fall into a shaft and drop 1 floor!
  1890 | D:2      | Reached skill level 6 in Necromancy
  1890 | D:2      | Reached XP level 3. HP: 4/19 MP: 3/9
  2071 | D:2      | Learned a level 3 spell: Vampiric Draining
  3386 | D:3      | Reached XP level 4. HP: 22/24 MP: 3/10
  3813 | D:4      | Reached skill level 7 in Necromancy
  3822 | D:4      | Noticed an ogre
  3843 | D:4      | Killed an ogre
  3844 | D:4      | Reached skill level 8 in Necromancy
  3844 | D:4      | Reached XP level 5. HP: 21/28 MP: 4/11
  3926 | D:4      | Found a staircase to the Ecumenical Temple.
  3945 | Temple   | Entered the Ecumenical Temple
  4090 | Temple   | Became a worshipper of Kikubaaqudgha
  4137 | D:4      | Killed from afar by an orc wizard

Illustrated notes

Levels and vault maps discovered:
D:1:      saegor_arrival_fortress, layout_loops_corners,
          hangedman_abyss_or_decor_stabs, minmay_liquid_box,
          minmay_parallelograms
D:2:      layout_rooms
D:3:      minmay_inner_zag, layout_basic
D:4:      layout_loops_ring, minmay_temple_entry_wispy, serial_glass,
          glass_columns_a, glass_columns_b, nicolae_tso_carved_into_rock
Temple:   nicolae_temple_the_god_donut

Skill      XL: |  1  2  3  4 |
---------------+-------------+-----
Necromancy     | 5 6 8 |  8.5
Dodging        | |  2.4
Stealth        | |  2.4
Spellcasting   | |  3.0

Action                   |  1- 3 |  4- 6 || total
-------------------------+-------+-------++-------
Melee: Unarmed           |    34 |       ||    34
       Short sword       |     7 |       ||     7
       Dagger            |    22 |    24 ||    46
 Cast: Pain              |    52 |    19 ||    71
       Animate Skeleton  |     7 |     1 ||     8
       Vampiric Draining |     1 |     3 ||     4
Evoke: Wand              |     1 |       ||     1
  Use: Scroll            |     3 |     1 ||     4
       Potion            |     2 |       ||     2
 Stab: Sleeping          |     1 |       ||     1
Armor: Robe              |    11 |     4 ||    15
Dodge: Dodged            |    48 |    15 ||    63
Block: Buckler           |     6 |     3 ||     9
